 Dungeon Crawl Stone Soup version 0.30.1-9-gdf580d7c3d (webtiles) character file.

Game seed: 15478536903080417010

1911 Psyclone the Thaumaturge (level 8, -8/41 HPs)
             Began as a Deep Elf Conjurer on Sept 29, 2023.
             Was an Initiate of Ashenzari.
             Mangled by Maurice
             ... wielding a +2 dagger of electrocution
              (18 damage)
             ... on level 8 of the Dungeon.
             The game lasted 00:13:14 (6492 turns).

Psyclone the Thaumaturge (Deep Elf Conjurer)        Turns: 6492, Time: 00:13:14

Health: -8/41      AC: 10    Str:  2    XL:     8   Next: 95%
Magic:  14/25      EV:  9    Int: 32    God:    Ashenzari [......]
Gold:   410        SH:  0    Dex: 13    Spells: 22/29 levels left

rFire   . . .        u - +1 short sword (venom)
rCold   . . .        (no shield)
rNeg    . . .        a - +1 robe
rPois   .            (no helmet)
rElec   .            x - +0 cloak
rCorr   .            A - +0 pair of gloves
SInv    .            B - +0 pair of boots
Will    .....        (no amulet)
Stlth   ++           y - +6 ring of intelligence
HPRegen 0.26/turn    g - +4 ring of protection
MPRegen 0.19/turn

%: no passive effects
@: grasped by roots, constricted
A: weak 1
a: Renounce Religion


You were on level 8 of the Dungeon.
You worshipped Ashenzari.
Ashenzari was noncommittal.
You visited 2 branches of the dungeon, and saw 7 of its levels.
You also visited: Sewer.

You collected 410 gold pieces.

Inventory:

Hand Weapons
 u - a +1 short sword of venom (weapon)
Armour
 a - a +1 robe (worn)
 x - a +0 cloak (worn)
 A - a +0 pair of gloves (worn)
 B - a +0 pair of boots (worn)
Jewellery
 d - a +6 ring of intelligence
 g - a +4 ring of protection (right hand)
 p - a ring of see invisible
 y - a +6 ring of intelligence (left hand)
Wands
 j - a wand of paralysis (13)
 q - a wand of mindburst (20)
Scrolls
 c - 3 scrolls of enchant armour
 e - 2 scrolls of fog
 f - a scroll of enchant weapon
 k - 4 scrolls of teleportation
 l - 5 scrolls of identify {@r1}
 v - a scroll of poison
 w - a scroll of magic mapping
 z - a scroll of amnesia
Potions
 b - 2 potions of magic
 h - a potion of lignification
 i - 2 potions of resistance
 m - a potion of curing
 r - a potion of haste
 s - 2 potions of brilliance
 t - 3 potions of heal wounds


   Skills:
 - Level 2.4 Dodging
 - Level 2.4 Stealth
 + Level 11.1 Spellcasting
 + Level 10.1 Conjurations


You had 22 spell levels left.
You knew the following spells:

 Your Spells              Type           Power      Damage    Failure   Level
a - Magic Dart            Conj           100%       1d8       1%          1
b - Searing Ray           Conj           100%       2d8       1%          2
d - Fulminant Prism       Conj/Hex       25%        3d14      3%          4

Your spell library contained the following spells:

 Spells                   Type           Power      Damage    Failure   Level
 Foxfire                  Conj/Fire      100%       2x1d9     1%          1
 Dazzling Flash           Conj/Hex       100%       N/A       1%          3
 Apportation              Tloc           34%        N/A       2%          1
 Iskenderun's Mystic Bla  Conj/Tloc      50%        2d11      3%          4
 Fireball                 Conj/Fire      25%        3d11      10%         5
 Starburst                Conj/Fire      25%        6d8       47%         6
 Alistair's Intoxication  Tmut/Pois      11%        N/A       58%         5
 Plasma Beam              Fire/Air       8%         2x1d21    99%         6


Dungeon Overview and Level Annotations

Branches:
Dungeon (5/15) Zot: 26957  Temple (1/1) D:5 Zot: 5981   Sewer (visited)

Altars:
Ashenzari
Cheibriados
Dithmenos
Elyvilon
Fedhas
Gozag
Hepliaklqana
Kikubaaqudgha
Makhleb
Nemelex Xobeh
Okawaru
Qazlal
Ru
Sif Muna
Trog
Uskayaw
Wu Jian
Xom
Yredelemnul
Zin
The Shining One

Shops:
D:1 =

Annotations:
D:8 Maurice


Innate Abilities, Weirdness & Mutations

You are weak. (Str -2)


Message History

You are constricted.
You take 2 damage, and have 39/41 hp.
You now have 20/25 mp.
Casting: Searing Ray (safe; 1% risk of failure)
Confirm with . or Enter, or press ? or * to list all spells.
Aiming: Searing Ray (safe; 1% risk of failure)
Press: ? - help, Shift-Dir - straight line The searing ray hits something! (Press . to maintain the ray.)
You are constricted.
You take 1 damage, and have 38/41 hp.
You now have 19/25 mp.
The searing ray hits something.
Something hits you. Something steals your ring of ice!
You are constricted.
You take 9 damage, and have 29/41 hp.
MASSIVE DAMAGE!!
You now have 18/25 mp.
Something hits you.
Something steals your 2 scrolls of torment!
You are constricted.
The grasping roots release their grip on you.
You take 4 damage, and have 25/41 hp.
You now have 17/25 mp.
The searing ray hits something but does no damage.
You finish channelling your searing ray.
You hear a zap.
The roots erupt in riotous growth!
The grasping roots grab you!
You are constricted.
You hear an angry growl.
You take 5 damage, and have 20/41 hp.
You now have 16/25 mp.
Casting: Searing Ray (safe; 1% risk of failure)
Confirm with . or Enter, or press ? or * to list all spells.
Aiming: Searing Ray (safe; 1% risk of failure)
Press: ? - help, Shift-Dir - straight line The searing ray hits something! (Press . to maintain the ray.)
Something hits you.
Something steals 1 of your 2 potions of haste!
You are constricted!
* * * LOW HITPOINT WARNING * * *
You take 10 damage, and have 10/41 hp.
MASSIVE DAMAGE!!
You now have 14/25 mp.
The searing ray hits something!
Something hits you but does no damage.
You are electrocuted!!
You die...

... ..♣ ...+ ... #
### ..#
###.###.##..##
.............# ....
........@....+.....
######.##..##...#
###.######...##+
#...........^...
#...............
#...............
#...##..........
####+###.......)..
#.....##..####.##.


There were no monsters in sight!

Vanquished Creatures
  Pikel (D:4)
  Grinder (D:3)
  Menkaure (D:4)
  A water moccasin (D:5)
  An ice beast (D:4)
  An ogre (D:4)
  2 kobold brigands (Sewer)
  A scorpion (D:5)
  2 howler monkeys (D:5)
  3 hounds
  A jelly (D:5)
  2 orc priests (D:5)
  4 iguanas (D:5)
  2 orc wizards (D:5)
  9 adders
  A gnoll (D:8)
  5 river rats (Sewer)
  A shadow imp (D:5)
  2 ufetubi (D:4)
  2 dart slugs
  8 orcs
  3 bats
  13 endoplasms
  2 giant cockroaches
  7 goblins
  5 hobgoblins
  2 quokkas
  9 ball pythons
  5 frilled lizards
  22 kobolds
  23 rats
142 creatures vanquished.

Vanquished Creatures (others)
  A fulminant prism (D:5)
1 creature vanquished.

Grand Total: 143 creatures vanquished

Notes
Turn   | Place    | Note
-------+----------+-------------------------------------------
     0 | D:1      | Psyclone the Deep Elf Conjurer began the quest for the Orb.
     0 | D:1      | Reached XP level 1. HP: 10/10 MP: 6/6
   355 | D:1      | Reached XP level 2. HP: 15/15 MP: 5/8
   412 | D:1      | Found Fesyre's One-of-a-Kind Rings.
   664 | D:1      | Learned a level 2 spell: Searing Ray
  1000 | D:2      | Reached skill level 4 in Spellcasting
  1250 | D:2      | Reached XP level 3. HP: 19/19 MP: 8/10
  1327 | D:2      | Reached skill level 5 in Conjurations
  2006 | D:3      | Noticed Grinder
  2007 | D:3      | Found the +7 Kryia's mail coat {PotionHeal*2 rC+}
  2012 | D:3      | Killed Grinder
  2013 | D:3      | Reached skill level 6 in Spellcasting
  2013 | D:3      | Reached XP level 4. HP: 18/24 MP: 5/14
  2013 | D:3      | Reached XP level 5. HP: 21/28 MP: 5/15
  2722 | D:3      | Reached XP level 6. HP: 22/32 MP: 2/17
  3209 | D:4      | Found a glowing drain.
  3237 | Sewer    | Entered a sewer
  3398 | Sewer    | Gained mutation: You are occasionally teleported next to
                  | monsters. [potion of mutation]
  3398 | Sewer    | Gained mutation: You possess an exceptional clarity of
                  | mind. [potion of mutation]
  3521 | Sewer    | Reached skill level 7 in Spellcasting
  3758 | Sewer    | Reached XP level 7. HP: 28/36 MP: 5/19
  4095 | D:4      | Noticed Pikel
  4116 | D:4      | Found an ornate altar of the Wu Jian Council.
  4127 | D:4      | Found a bloodstained altar of Trog.
  4127 | D:4      | Found a snail-covered altar of Cheibriados.
  4140 | D:4      | Killed Pikel
  4141 | D:4      | Reached skill level 9 in Spellcasting
  4402 | D:4      | Identified the +0 leather armour of Qoel {rF+ rC+ Regen+}
  4410 | D:4      | Reached XP level 8. HP: 41/41 MP: 18/23
  4455 | D:4      | Noticed Menkaure
  4461 | D:4      | Killed Menkaure
  4638 | D:4      | Found a basalt altar of Yredelemnul.
  4647 | D:4      | Lost mutation: You possess an exceptional clarity of mind.
                  | [potion of mutation]
  4647 | D:4      | Lost mutation: You are occasionally teleported next to
                  | monsters. [potion of mutation]
  4647 | D:4      | Gained mutation: You are weak. (Str -2) [potion of
                  | mutation]
  5150 | D:4      | Reached skill level 10 in Spellcasting
  5335 | D:5      | Entered Level 5 of the Dungeon
  5750 | D:5      | Found an iron altar of Okawaru.
  5814 | D:5      | Learned a level 4 spell: Fulminant Prism
  5823 | D:5      | Reached skill level 11 in Spellcasting
  5823 | D:5      | Reached skill level 10 in Conjurations
  6018 | D:5      | Found a staircase to the Ecumenical Temple.
  6080 | Temple   | Entered the Ecumenical Temple
  6093 | Temple   | Became a worshipper of Ashenzari the Shackled
  6136 | D:5      | Found a sparkling altar of Nemelex Xobeh.
  6450 | D:5      | You fall into a shaft and drop 3 floors!
  6481 | D:8      | Noticed Maurice
  6492 | D:8      | Mangled by Maurice

Illustrated notes

Levels and vault maps discovered:
D:1:      psy_arrival_dodecagon, layout_rooms, st_stairs_14,
          nicolae_shop_unique_rings
D:2:      kennysheep_big_flooded_room, layout_basic, minmay_tromino_i2
D:3:      minmay_inner_zag, layout_basic, uniq_grinder
D:4:      layout_cave_pods, nicolae_overflow_crystal_walls,
          gammafunk_temple_overflow_forgotten, portal_sewer_entry_d, uniq_pikel,
          uniq_menkaure
D:5:      layout_loops_ring, kennysheep_mini_moat,
          nemelex_xobeh_ov_fountains_minmay, minmay_temple_entry_junction,
          grunt_ministairs_11
D:8:      layout_gridville, hellmonk_lair_entry_icy, serial_shops,
          nicolae_shop_getting_attention, nicolae_shop_pleasant_corner_grove,
          uniq_maurice
Temple:   minmay_freezing_vapour_temple

Skill      XL: |  1  2  3  4  5  6  7  8 |
---------------+-------------------------+-----
Spellcasting   | 4 6 7 9 11 | 11.1
Conjurations   | 6 7 8 10 | 10.1
Dodging        | |  2.4
Stealth        | |  2.4

Action                     |  1- 3 |  4- 6 |  7- 9 || total
---------------------------+-------+-------+-------++-------
  Melee: Unarmed           |       |     1 |       ||     1
         Short sword       |       |       |     5 ||     5
   Cast: Magic Dart        |    48 |    91 |    86 ||   225
         Searing Ray       |     2 |    12 |    26 ||    40
         Fulminant Prism   |       |       |     1 ||     1
    Use: Scroll            |     9 |     1 |     3 ||    13
         Potion            |     5 |     3 |     3 ||    11
 Armour: Robe              |       |     9 |    16 ||    25
  Dodge: Dodged            |     1 |    28 |    29 ||    58
